 Dungeon Crawl Stone Soup version 0.22-b1-59-g0aedee7 (webtiles) character file.

67 Sogov the Grave Robber (level 3, -2/28 HPs)
             Began as a Deep Dwarf Necromancer on Aug 9, 2018.
             Was an Initiate of Makhleb.
             Killed from afar by a white imp (10 damage)
             ... with a puff of frost
             ... summoned by Natasha
             ... on level 3 of the Dungeon.
             The game lasted 00:05:16 (1760 turns).

Sogov the Grave Robber (Deep Dwarf Necromancer)     Turns: 1760, Time: 00:05:16

Health: -2/28      AC:  5    Str: 12    XL:     3   Next: 98%
Magic:  0/5        EV: 11    Int: 15    God:    Makhleb [......]
Gold:   72         SH:  0    Dex: 13    Spells: 1/5 levels left

rFire    . . .     SeeInvis .   q - +0 war axe
rCold    . . .     Gourm    .   (no shield)
rNeg     . . .     Faith    .   b - +0 ring mail
rPois    .         Spirit   .   (no helmet)
rElec    .         Reflect  .   (no cloak)
rCorr    .         Harm     .   (no gloves)
MR       .....                  (no boots)
Stlth    +.........             (no amulet)
HPRegen  0.00/turn              (no ring)
MPRegen  0.09/turn              (no ring)

@: non-regenerating, slowed, very slow
A: damage resistance, heal wounds, sense surroundings 1, no regeneration
a: Heal Wounds, Renounce Religion


You were on level 3 of the Dungeon.
You worshipped Makhleb.
Makhleb was noncommittal.
You were hungry.

You visited 1 branch of the dungeon, and saw 3 of its levels.

You collected 72 gold pieces.

Inventory:

Hand Weapons
 f - a +0 dagger
 h - a +0 mace
 q - a +0 war axe (weapon)
Missiles
 n - 7 tomahawks (quivered)
Armour
 a - a +0 robe
 b - a +0 ring mail (worn)
Jewellery
 m - a cursed +6 ring of dexterity {unknown}
Scrolls
 d - 4 scrolls of remove curse {unknown}
 e - a scroll of teleportation {unknown}
 g - 2 scrolls of enchant armour {unknown}
 i - 4 scrolls of identify {unknown}
 j - 2 scrolls of blinking {unknown}
 l - 2 scrolls of immolation {unknown}
Potions
 k - a potion of mutation {unknown}
 o - a potion of brilliance {unknown}
Comestibles
 c - 5 rations


   Skills:
 + Level 0.3 Fighting
 * Level 0.3 Axes
 - Level 2.1 Dodging
 - Level 2.4 Stealth
 - Level 1.7 Spellcasting
 + Level 6.0 Necromancy


You had one spell level left.
You knew the following spells:

 Your Spells              Type           Power        Failure   Level  Hunger
a - Pain                  Necr           ###.         4%          1    ##.....
b - Vampiric Draining     Necr           ###.......   13%         3    ####...

Your spell library contained the following spells:

 Spells                   Type           Power        Failure   Level  Hunger
 Animate Dead             Necr           N/A          38%         4    #####..
 Animate Skeleton         Necr           N/A          4%          1    ##.....
 Regeneration             Chrm/Necr      ##........   41%         3    ####...


Dungeon Overview and Level Annotations

Branches:
Dungeon (3/15)

Altars:
Makhleb

Annotations:
D:3 Natasha


Innate Abilities, Weirdness & Mutations

You are resistant to damage.
You can heal yourself by infusing magical energy.
You passively map a small area around you.
You do not regenerate.


Message History

Press: ? - help, Shift-Dir - straight line, f/p - Natasha
Aim: Natasha, carrying a wand of polymorph (6) (chance to defeat MR: 78%) Natasha writhes in agony!
Natasha barely misses you. The white imp hits you. The white imp freezes you.
Natasha claws you.
Casting: Pain (safe; 4% risk of failure)
Confirm with . or Enter, or press ? or * to list all spells.
Aiming: Pain (safe; 4% risk of failure)
Press: ? - help, Shift-Dir - straight line, f/p - Natasha
Aim: Natasha, carrying a wand of polymorph (6) (lightly wounded, chance to defeat MR: 78%) Natasha writhes in agony!
The white imp sputters.
The white imp gestures at you. The puff of frost hits you!
* * * LOW HITPOINT WARNING * * *
Natasha zaps a wand.
You resist with some effort.
The white imp hits you but does no damage.
Natasha zaps a wand.
You resist with some effort. The white imp gestures at you.
The puff of frost hits you!
You die...

,,* , , ###.# ,, #....
*#. * * #.#.# #. #.#..
#.* ########.##. *
#.#######......<.... ,
, #.......#.#####.###.
#.#...#<#.#####.# #. ,
, #.#@#........##.###.
#..5..#.#.##........ ,
,*#h#####.#.#####.####
* ,... #.#.......# ,
,..##. ..######### ##*
#( *### , #. , #. * ,
..


You could see Natasha and a white imp.

Vanquished Creatures
  2 adders (D:2)
  A worm (D:2)
  3 dart slugs (D:1)
  3 leopard geckos (D:1)
  3 bats
  6 goblins
  4 hobgoblins (D:2)
  2 jackals (D:1)
  5 kobolds
  A quokka (D:2)
  5 rats
35 creatures vanquished.

Notes
Turn   | Place    | Note
-------+----------+-------------------------------------------
     0 | D:1      | Sogov the Deep Dwarf Necromancer began the quest for the Orb.
     0 | D:1      | Reached XP level 1. HP: 15/15 MP: 3/3
   310 | D:1      | Reached XP level 2. HP: 20/22 MP: 1/4
   366 | D:1      | Reached skill level 5 in Necromancy
   599 | D:1      | Reached XP level 3. HP: 19/28 MP: 1/5
   856 | D:2      | Reached skill level 6 in Necromancy
   954 | D:2      | Found a burning altar of Makhleb.
   954 | D:2      | Noticed a blizzard demon
   957 | D:2      | Noticed a smoke demon
   957 | D:2      | Noticed an orange demon
   959 | D:2      | Became a worshipper of Makhleb the Destroyer
  1487 | D:2      | Learned a level 3 spell: Vampiric Draining
  1751 | D:3      | Noticed Natasha
  1760 | D:3      | Killed from afar by a white imp

Skill      XL: |  1  2  3 |
---------------+----------+-----
Necromancy     | 5 6 |  6.0
Fighting       | |  0.3
Axes           | |  0.3
Dodging        | |  2.1
Stealth        | |  2.4
Spellcasting   | |  1.7

Action                   || total
-------------------------++-------
Melee: Mace              ||    47
       Dagger            ||     1
       War axe           ||     6
Throw: Tomahawk          ||    12
 Cast: Pain              ||    44
 Abil: Heal Wounds       ||     1
 Stab: Sleeping          ||     3
  Eat: Chunk             ||     3
Armor: Robe              ||    13
       Ring mail         ||     2
Dodge: Dodged            ||    58
